 Dungeon Crawl Stone Soup version 0.32-a0-468-g38b2580584 (webtiles) character file.

Game seed: 9333417026783864460

2511 ezpacito the Chopper (level 9, -8/74 HPs)
             Began as a Demonspawn Chaos Knight on Feb 24, 2024.
             Was a Plaything of Xom.
             Mangled by a gnoll sergeant
             ... wielding a +1 heavy spear
              (9 damage)
             ... on level 7 of the Dungeon.
             The game lasted 00:07:11 (5044 turns).

ezpacito the Chopper (Demonspawn Chaos Knight)      Turns: 5044, Time: 00:07:12

Health: -8/74      AC:  8    Str: 19    XL:     9   Next: 28%
Magic:  13/13      EV: 14    Int: 12    God:    Xom [...*..]
Gold:   320        SH:  0    Dex: 15    Spells: 5/13 levels left

rFire   + . .        a - +0 hand axe (chaos)
rCold   + + .        (no shield)
rNeg    . . .        q - +6 chain mail of Rueg {rPois Regen+}
rPois   +            (helmet restricted)
rElec   .            h - scarf {rC+ rF+}
rCorr   .            (no gloves)
SInv    .            (no boots)
Will    .....        (no amulet) Stlth
                     d - +6 ring of strength
HPRegen 2.12/turn    z - +5 ring of evasion
MPRegen 0.13/turn

%: no passive effects
@: lethally poisoned (-8 -> -8), corroded
A: hooves 1, rugged brown scales 1, demonic guardian 2, powered by death 1,
antennae 1, cold resistance 1, robust 1, weak 1, noise suppression
a: Renounce Religion


You were on level 7 of the Dungeon.
You worshipped Xom.
You were a favourite toy of Xom.
You visited 2 branches of the dungeon, and saw 8 of its levels.

You collected 320 gold pieces.

Inventory:

Hand Weapons
 a - a +0 hand axe of chaos (weapon)
 A - a +0 hand axe of flaming
Missiles
 i - 7 boomerangs (quivered)
 s - 2 throwing nets
Armour
 h - a scarf of resistance (worn)
 q - the +6 chain mail of Rueg (worn) {rPois Regen+}
   (You found it on level 2 of the Dungeon)

   rPois:     It protects you from poison Regen+: It increases your rate of
   health regeneration.
 E - a +0 plate armour
Magical Staves
 w - a staff of alchemy
Jewellery
 d - a +6 ring of strength (left hand)
 u - a +4 ring of protection
 z - a +5 ring of evasion (right hand)
 B - a ring of poison resistance
 D - a ring of wizardry
Wands
 v - a wand of light (8)
Scrolls
 b - a scroll of vulnerability {unknown}
 c - a scroll of butterflies
 e - a scroll of amnesia {unknown}
 f - a scroll of enchant weapon {unknown}
 g - 2 scrolls of immolation {unknown}
 k - 3 scrolls of noise
 n - 2 scrolls of teleportation {unknown}
 p - 2 scrolls of fog {unknown}
 r - 2 scrolls of poison {unknown}
 t - 2 scrolls of blinking {unknown}
 x - a scroll of enchant armour {unknown}
 y - a scroll of silence {unknown}
Potions
 j - a potion of brilliance
 l - a potion of attraction {unknown}
 m - a potion of magic
 o - 2 potions of curing


   Skills:
 + Level 4.5 Fighting
 * Level 5.2(5.6) Axes
 + Level 2.8(4.4) Polearms
 * Level 4.9 Armour
 * Level 4.3 Dodging
 + Level 3.3 Stealth
 + Level 2.8 Unarmed Combat
 + Level 2.8 Spellcasting
 + Level 2.1 Hexes
 + Level 0.6 Ice Magic
 + Level 0.4 Air Magic
 + Level 0.4 Earth Magic
 + Level 2.3 Alchemy
 + Level 2.4 Evocations


You had 5 spell levels left.
You knew the following spells:

 Your Spells              Type           Power      Damage    Failure   Level
a - Ensorcelled Hibernat  Hex/Ice        10%        N/A       86%         2
b - Passwall              Erth           2%         N/A       99%         3
c - Swiftness             Air            2%         N/A       99%         3

Your spell library contained the following spells:

 Spells                   Type           Power      Damage    Failure   Level


Dungeon Overview and Level Annotations

Branches:
Dungeon (7/15)             Temple (1/1) D:4

Altars:
Ashenzari
Cheibriados
Fedhas
Gozag
Hepliaklqana
Nemelex Xobeh
Qazlal
Ru
Sif Muna
Trog
Uskayaw
Vehumet
Wu Jian
Yredelemnul


Innate Abilities, Weirdness & Mutations

You have large cloven feet.
You are partially covered in rugged brown scales. (AC +1, +3% HP)
A demonic guardian rushes to your aid.
You regenerate a little health from kills.
You have a pair of small antennae on your head.
Your flesh is cold resistant. (rC+)
You are robust. (+10% HP)
You are weak. (Str -2)
You passively dampen the noise of your surroundings.


Message History

You closely miss the gnoll. You hit the gnoll but do no damage.
The gnoll is poisoned.
You hit the gnoll sergeant but do no damage.
You closely miss the gnoll. You completely miss the gnoll.
You feel sick.
The acid dragon bites you but does no damage.
The acid dragon closely misses you.
The gnoll hits you with a +1 whip of venom.
The gnoll hits you but does no damage. The gnoll hits you with a +0 whip.
You hit the acid dragon.
The acid dragon suddenly seems more resistant.
The acid dragon is moderately wounded.
You hit the gnoll. You burn the gnoll. You barely miss the gnoll. x2
You barely miss the gnoll sergeant. You hit the gnoll. You burn the gnoll.
You kill the gnoll!
You feel sick. The gnoll closely misses you. The acid dragon spits acid at you.
The splash of acid hits you!! The acid corrodes you!
The gnoll barely misses you. The gnoll misses you.
The gnoll sergeant hits you with a +1 heavy spear!
You hit the gnoll sergeant.
The gnoll sergeant falls asleep!
The gnoll sergeant shouts!
The gnoll sergeant is almost dead.
You closely miss the gnoll.
You hit the acid dragon but do no damage.
You drain the acid dragon. You barely miss the gnoll.
You hit the gnoll but do no damage.
You feel sick. The gnoll hits you with a +0 flail.
* * * LOW HITPOINT WARNING * * *
The gnoll hits you but does no damage.
You are more poisoned.
A sky beast appears from thin air!
Reactivating autopickup.
The acid dragon spits acid at you. The splash of acid hits you!!
* * * LOW HITPOINT WARNING * * *
Xom roars with laughter!
A demonic guardian appears!
The acid corrodes you! The gnoll closely misses you.
The gnoll sergeant hits you with a +1 heavy spear!
You die...

## ..
####.###############
....................
#.......$.##
#########.4#
......g@g#
......ggD.[#
.......Y##..#
......... .....
$.......# .###
........# #
........# .########


You could see an acid dragon (resistant, catching breath, drained), a sky beast,
a gnoll sergeant (drained), 3 gnolls and a friendly orange demon (summoned).

Vanquished Creatures
  Sigmund (D:2)
  A wyvern (D:6)
  A steam dragon (D:7)
  A water moccasin (D:6)
  An orc warrior (D:6)
  2 sky beasts
  A black bear (D:6)
  An ice beast (D:5)
  3 ogres
  A boggart (D:5)
  2 scorpions
  A ballistomycete (D:5)
  A howler monkey (D:6)
  A bombardier beetle (D:3)
  2 jellies (D:6)
  3 hounds
  An orc priest (D:6)
  3 iguanas
  Ijyb (D:3)
  An orc wizard (D:6)
  17 gnolls
  6 adders
  A river rat (D:6)
  2 ufetubi (D:5)
  3 dart slugs
  2 ribbon worms
  7 orcs
  7 endoplasms
  6 hobgoblins
  10 jackals
  4 quokkas
  7 ball pythons
  5 bats
  3 frilled lizards
  10 goblins
  8 kobolds
  7 rats
  A ballistomycete spore (D:5)
135 creatures vanquished.

Vanquished Creatures (collateral kills)
  An acid dragon (D:6)
  A gnoll sergeant (D:6)
  A hound (D:5)
  A bombardier beetle (D:5)
  A jelly (D:4)
  Crazy Yiuf (D:3)
  An orc wizard (D:5)
  An adder (D:6)
  5 gnolls
  A dart slug (D:3)
  A goblin (D:2)
  A kobold (D:3)
16 creatures vanquished.

Vanquished Creatures (others)
  A ballistomycete spore (D:5)
1 creature vanquished.

Grand Total: 152 creatures vanquished

Notes
Turn   | Place    | Note
-------+----------+-------------------------------------------
     0 | D:1      | ezpacito the Demonspawn Chaos Knight began the quest for
                  | the Orb.
     0 | D:1      | Reached XP level 1. HP: 18/18 MP: 1/1
    45 | D:1      | Reached skill level 1 in Dodging
   123 | D:1      | Gained mutation: You have large cloven feet. [demonic
                  | ancestry]
   123 | D:1      | Reached XP level 2. HP: 24/24 MP: 2/2
   487 | D:1      | Reached skill level 1 in Stealth
   520 | D:1      | Reached XP level 3. HP: 29/29 MP: 3/3
   911 | D:2      | XOM: divination: detect items
   982 | D:2      | Reached skill level 3 in Axes
  1001 | D:2      | XOM: 1-stop teleportation journey
  1006 | D:2      | Identified the +6 chain mail of Rueg {rPois Regen+}
  1058 | D:2      | XOM: give mutations
  1058 | D:2      | Gained mutation: You are weak. (Str -2) [Xom's mischief]
  1058 | D:2      | Gained mutation: You possess an exceptional clarity of
                  | mind. [Xom's mischief]
  1058 | D:2      | Gained mutation: Your system is resistant to poisons.
                  | (rPois) [Xom's mischief]
  1125 | D:2      | Noticed Sigmund
  1137 | D:2      | Killed Sigmund
  1138 | D:2      | Reached skill level 1 in Polearms
  1138 | D:2      | Reached skill level 1 in Unarmed Combat
  1138 | D:2      | Reached skill level 1 in Spellcasting
  1138 | D:2      | Gained mutation: You are partially covered in rugged brown
                  | scales. (AC +1, +3% HP) [demonic ancestry]
  1138 | D:2      | Reached XP level 4. HP: 21/36 MP: 3/5
  1138 | D:2      | Reached XP level 5. HP: 25/42 MP: 3/6
  1156 | D:2      | XOM: 8-stop teleportation journey
  1349 | D:2      | XOM: torment (22/42 hp)
  1480 | D:3      | Gained mutation: A weak demonic guardian rushes to your
                  | aid. [demonic ancestry]
  1480 | D:3      | Reached XP level 6. HP: 48/48 MP: 6/8
  1547 | D:3      | XOM: give mutations
  1547 | D:3      | Gained mutation: Your flesh is cold resistant. (rC+) [Xom's
                  | mischief]
  1547 | D:3      | Lost mutation: You possess an exceptional clarity of mind.
                  | [Xom's mischief]
  1547 | D:3      | Lost mutation: Your system is resistant to poisons. (rPois)
                  | [Xom's mischief]
  1559 | D:3      | Found an ornate altar of the Wu Jian Council.
  1714 | D:3      | Found a broken altar of Ashenzari.
  1720 | D:3      | XOM: give mutations
  1720 | D:3      | Gained mutation: You passively dampen the noise of your
                  | surroundings. [Xom's mischief]
  1720 | D:3      | Gained mutation: You are robust. (+10% HP) [Xom's mischief]
  1720 | D:3      | Gained mutation: You have a pair of small antennae on your
                  | head. [Xom's mischief]
  1740 | D:3      | a quokka changed into a sky beast
  1740 | D:3      | Noticed a sky beast
  1740 | D:3      | XOM: polymorph quokka -> sky beast
  1743 | D:3      | XOM: enchant monster (good)
  1775 | D:3      | Killed a sky beast
  1948 | D:3      | Noticed Ijyb
  1949 | D:3      | XOM: enchant monster (bad)
  1953 | D:3      | XOM: smoke on damage
  1966 | D:3      | Killed Ijyb
  2007 | D:3      | Found a runed translucent door.
  2008 | D:3      | Noticed Crazy Yiuf
  2018 | D:3      | XOM: butterfly on damage
  2019 | D:3      | Killed Crazy Yiuf
  2535 | D:4      | Gained mutation: You regenerate a little health from kills.
                  | [demonic ancestry]
  2535 | D:4      | Reached XP level 7. HP: 59/59 MP: 9/9
  2588 | D:4      | XOM: noise
  2597 | D:4      | Reached skill level 4 in Axes
  2726 | D:4      | Learned a level 2 spell: Ensorcelled Hibernation
  2730 | D:4      | Learned a level 3 spell: Passwall
  2734 | D:4      | Learned a level 3 spell: Swiftness
  2980 | D:4      | Found a staircase to the Ecumenical Temple.
  3007 | Temple   | Entered the Ecumenical Temple
  3220 | D:5      | Entered Level 5 of the Dungeon
  3274 | D:5      | XOM: summons 4 hostile demons
  3326 | D:5      | XOM: 1-stop teleportation journey
  3330 | D:5      | XOM: polymorph sleepcap -> ballistomycete
  3343 | D:5      | Reached skill level 1 in Evocations
  3349 | D:5      | Reached skill level 1 in Alchemy
  3380 | D:5      | XOM: torment (31/59 hp)
  3479 | D:5      | Gained mutation: A demonic guardian rushes to your aid.
                  | [demonic ancestry]
  3479 | D:5      | Reached XP level 8. HP: 67/67 MP: 11/11
  3502 | D:5      | XOM: blink monster(s)
  3519 | D:5      | Reached skill level 1 in Hexes
  3527 | D:5      | XOM: polymorph hellwing -> cerulean imp
  3903 | D:5      | XOM: chaos cloud
  3984 | D:6      | XOM: polymorph bullfrog -> river rat
  4093 | D:6      | Found a sparkling altar of Nemelex Xobeh.
  4158 | D:6      | XOM: confusion
  4162 | D:6      | XOM: summons friendly iron imp
  4247 | D:6      | Found a sacrificial altar of Ru.
  4253 | D:6      | XOM: 5-stop teleportation journey
  4357 | D:6      | Reached skill level 5 in Axes
  4368 | D:6      | XOM: summons 5 hostile demons
  4462 | D:6      | Reached XP level 9. HP: 74/74 MP: 13/13
  4553 | D:6      | XOM: summons 2 hostile demons
  4727 | D:6      | XOM: divination: magic mapping
  4997 | D:7      | XOM: confuse monster(s)
  5026 | D:7      | XOM: 1-stop teleportation journey
  5044 | D:7      | HP: 1/74 [acid dragon/splash of acid (21)]
  5044 | D:7      | Mangled by a gnoll sergeant

Illustrated notes

Levels and vault maps discovered:
D:1:      lightli_arrival_farm, layout_loops_ring, serial_bayou_ford_a
D:2:      layout_rooms, basic_altar, uniq_sigmund
D:3:      layout_basic, mainiacjoe_overflow_boulevard,
          mainiacjoe_overflow_surrounded_room, dreamdust_mushroom_princess,
          chequers_serial_rivers_micro_e, uniq_ijyb, uniq_crazy_yiuf_cottage
D:4:      layout_basic, minmay_temple_entry_slanted
D:5:      layout_basic
D:6:      black_bear_nest_1, layout_basic, mainiacjoe_overflow_six_doors_small,
          lemuel_crystal_altar, lemuel_doored_altar, serial_co_window_serial,
          co_window_of_opportunity_a, co_window_corner_a, co_window_corner_a,
          co_window_cross_1, co_window_corner_a, co_window_cross_4,
          co_window_corner_b, co_window_broadway_a, co_window_of_opportunity_c,
          co_window_corner_b, glass_columns_a, glass_columns_a, glass_columns_c,
          st_stairs_9
D:7:      layout_basic, mainiacjoe_overflow_tiny_flanked, grunt_decor_junction
Temple:   minmay_freezing_vapour_temple

Skill      XL: |  1  2  3  4  5  6  7  8  9 |
---------------+----------------------------+-----
Dodging        | 1 2 3 4 |  4.3
Stealth        | 1 2 3 |  3.3
Armour         | 2 3 4 |  4.9
Axes           | 3 4 5 |  5.2
Polearms       | 1 2 |  2.8
Unarmed Combat | 1 2 |  2.8
Spellcasting   | 1 2 |  2.8
Evocations     | 1 2 |  2.4
Alchemy        | 1 2 |  2.3
Fighting       | 4 |  4.5
Hexes          | 1 2 |  2.1
Ice Magic      | |  0.6
Air Magic      | |  0.4
Earth Magic    | |  0.4

Action                     |  1- 3 |  4- 6 |  7- 9 || total
---------------------------+-------+-------+-------++-------
  Melee: Hand axe          |   104 |   119 |   346 ||   569
         Kick              |    15 |    29 |   119 ||   163
    Use: Scroll            |       |       |     5 ||     5
         Potion            |       |       |     1 ||     1
   Stab: Sleeping          |     1 |       |       ||     1
         Petrified         |       |       |     7 ||     7
         Confused          |       |       |     5 ||     5
         Distracted        |       |       |     1 ||     1
         Paralysed         |       |       |     1 ||     1
 Armour: Leather armour    |    51 |       |       ||    51
         Chain mail        |    26 |   100 |   409 ||   535
  Dodge: Dodged            |    66 |    34 |   392 ||   492

Table legend: (Time is in decaauts)
 A = Elapsed time spent in this place.
 B = Non-inter-level travel time spent in this place.
 C = Inter-level travel time spent in this place.
 D = Time resting spent in this place.
 E = Time spent auto-exploring this place.
 F = Levels seen in this place.
 G = Mean time per level.
                   A        B        C        D        E       F      G
               +--------+--------+--------+--------+--------+-----+--------+
         Total |   5120 |   4900 |    220 |      3 |   3677 |   8 |  640.0 |
       Dungeon |   5118 |   4899 |    219 |      3 |   3677 |   7 |  731.1 |
        Temple |      1 |      1 |      0 |      0 |      0 |   1 |    1.0 |
               +--------+--------+--------+--------+--------+-----+--------+

Top non-repeatable levels by time:
     D:3: 1037 daAuts
     D:6: 991 daAuts
     D:1: 933 daAuts
     D:5: 755 daAuts
     D:4: 740 daAuts
     D:2: 568 daAuts
     D:7: 92 daAuts
  Temple: 1 daAuts
